 Dungeon Crawl Stone Soup version 0.28-a0-872-g80cf8599ee (webtiles) character file.

Game seed: 12033739213111245469

537 tatocazan the Slasher (level 7, -7/61 HPs)
             Began as a Minotaur Fighter on Nov 20, 2021.
             Mangled by a two-headed ogre (14 damage)
             ... on level 5 of the Dungeon.
             The game lasted 00:03:59 (3745 turns).

tatocazan the Slasher (Minotaur Fighter)            Turns: 3745, Time: 00:04:00

Health: -7/61      AC: 14    Str: 23    XL:     7   Next: 5%
Magic:  0/6        EV:  7    Int:  5    God:
Gold:   309        SH:  4    Dex:  9    Spells: 6/6 levels left

rFire   . . .      SeeInvis .   a - +0 long sword
rCold   . . .      Faith    .   c - +0 buckler
rNeg    . . .      Spirit   +   C - +0 plate armour
rPois   .          Reflect  .   (helmet restricted)
rElec   .          Harm     .   n - +1 cloak
rCorr   .          Rampage  .   (no gloves)
Will    .....                   (no boots)
Stlth   ..........              p - amulet of guardian spirit
HPRegen 0.20/turn               (no ring)
MPRegen 0.10/turn               (no ring)

@: no status effects
A: horns 2, retaliatory headbutt
a: no special abilities


You were on level 5 of the Dungeon.
You visited 1 branch of the dungeon, and saw 5 of its levels.

You collected 309 gold pieces.

Inventory:

Hand Weapons
 a - a +0 long sword (weapon)
Armour
 b - a +0 scale mail
 c - a +0 buckler (worn)
 n - a +1 cloak (worn)
 B - a +0 chain mail
 C - a +0 plate armour (worn)
Jewellery
 g - a ring of ice
 m - a ring of magical power
 p - an amulet of guardian spirit (around neck)
 A - a ring of protection from cold
Wands
 x - a wand of polymorph (14)
Scrolls
 f - 2 scrolls of amnesia {unknown}
 h - a scroll of enchant armour {unknown}
 j - a scroll of identify {unknown}
 q - a scroll of summoning {unknown}
 r - 2 scrolls of fear {unknown}
 s - a scroll of acquirement {unknown}
 v - 3 scrolls of teleportation {unknown}
 w - a scroll of noise {unknown}
 y - a scroll of holy word {unknown}
 D - a scroll of magic mapping {unknown}
Potions
 d - a potion of might
 e - a potion of degeneration {unknown}
 i - 2 potions of brilliance {unknown}
 k - a potion of resistance {unknown}
 l - 2 potions of haste {unknown}
 o - a potion of lignification {unknown}
 t - a potion of berserk rage {unknown}
 u - 2 potions of heal wounds {unknown}
 z - 2 potions of curing {unknown}
 E - a potion of flight {unknown}


   Skills:
 + Level 5.4 Fighting
 * Level 6.1 Long Blades
 + Level 5.3 Armour
 + Level 3.2 Dodging
 - Level 3.6 Shields


You had 6 spell levels left.
You didn't know any spells.
Your spell library contained the following spells:

 Spells                   Type           Power      Damage    Failure   Level
 Summon Ice Beast         Ice/Summ       0%         N/A       100%        4
 Alistair's Intoxication  Tmut/Pois      0%         N/A       100%        5
 Borgnjor's Vile Clutch   Necr/Erth      0%         N/A       100%        5
 Summon Mana Viper        Hex/Summ       0%         N/A       100%        5
 Eringya's Noxious Bog    Tmut/Pois      0%         N/A       100%        6
 Monstrous Menagerie      Summ           0%         N/A       100%        7


Dungeon Overview and Level Annotations

Branches:
Dungeon (5/15)
 Temple: D:4-7

Altars:
Elyvilon


Innate Abilities, Weirdness & Mutations

You have a pair of horns on your head.
You reflexively headbutt those who attack you in melee.


Message History

You are too injured to fight recklessly!
You are too injured to fight recklessly!
You are too injured to fight recklessly!
You are too injured to fight recklessly!
You are too injured to fight recklessly!
You are too injured to fight recklessly!
You are too injured to fight recklessly!
You are too injured to fight recklessly!
You are too injured to fight recklessly!
You are too injured to fight recklessly!
You are too injured to fight recklessly!
You are too injured to fight recklessly!
You are too injured to fight recklessly!
You are too injured to fight recklessly!
You are too injured to fight recklessly!
You are too injured to fight recklessly!
You are too injured to fight recklessly!
You are too injured to fight recklessly!
You are too injured to fight recklessly!
You are too injured to fight recklessly!
You are too injured to fight recklessly!
You are too injured to fight recklessly!
You barely miss the two-headed ogre.
The two-headed ogre is lightly wounded.
The two-headed ogre hits you but does no damage.
The two-headed ogre hits you with a +0 giant club!!
* * * LOW HITPOINT WARNING * * *
You take 22 damage, and have 14/61 hp.
MASSIVE DAMAGE!!
You now have 1/6 mp.
You hit the two-headed ogre but do no damage.
The two-headed ogre is lightly wounded.
You hit the two-headed ogre.
Your headbutt misses the two-headed ogre.
The two-headed ogre is moderately wounded.
The two-headed ogre hits you but does no damage.
The two-headed ogre hits you with a +0 giant club!
* * * LOW HITPOINT WARNING * * *
You take 10 damage, and have 4/61 hp.
You now have 0/6 mp.
You see here a quokka corpse.
The two-headed ogre hits you with a +0 giant club!
You die...

##...## #.# #.#.# ##.....##
#.# #.#.# #...>...# ##.#
#.#.# #.......# ###..##
#.#.# #..>.>..# #.....#
#.#.#
##.....######.###.###.#.#
###...##......# #<....#.#
#.######.####.###.#####.####
..#...##.#......@O....†....#
###...##.#.##.###.#.######.#
####.###.#.###...##.## #.##
.....................# #..#
####.##.........###..# ##.##
###....#...###.# #..# #..#
#.............(# #).# ##.#
##.####)#...###.###..# #.##
...#
#.##..#####....#######..#


You could see a two-headed ogre.

Vanquished Creatures
  An ogre (D:5)
  2 water moccasin zombies (D:5)
  A crimson imp (D:4)
  2 hounds (D:5)
  An iguana (D:3)
  An orc wizard (D:4)
  A hound skeleton (D:4)
  7 adders
  4 gnolls (D:2)
  A white imp (D:4)
  An ufetubus (D:4)
  2 worms
  3 dart slugs
  4 orcs
  6 ball pythons
  4 bats
  5 endoplasms
  A giant cockroach (D:1)
  3 goblins
  8 hobgoblins
  3 jackals (D:4)
  8 kobolds
  3 quokkas
  3 rats (D:1)
75 creatures vanquished.

Notes
Turn   | Place    | Note
-------+----------+-------------------------------------------
     0 | D:1      | tatocazan the Minotaur Fighter began the quest for the Orb.
     0 | D:1      | Reached XP level 1. HP: 19/19 MP: 0/0
   176 | D:1      | Reached XP level 2. HP: 27/27 MP: 1/1
   237 | D:1      | Reached skill level 3 in Long Blades
   682 | D:2      | Reached skill level 1 in Dodging
   682 | D:2      | Reached XP level 3. HP: 33/33 MP: 2/2
   779 | D:2      | Reached XP level 4. HP: 19/40 MP: 3/3
  1158 | D:2      | Reached skill level 4 in Long Blades
  2014 | D:3      | Reached XP level 5. HP: 47/47 MP: 4/4
  2775 | D:4      | Reached skill level 5 in Long Blades
  2965 | D:4      | Reached XP level 6. HP: 55/55 MP: 5/5
  3111 | D:5      | Entered Level 5 of the Dungeon
  3207 | D:5      | Reached skill level 5 in Fighting
  3207 | D:5      | Reached skill level 5 in Armour
  3487 | D:5      | Reached skill level 6 in Long Blades
  3560 | D:5      | Reached XP level 7. HP: 61/61 MP: 6/6
  3673 | D:5      | Found a white marble altar of Elyvilon.
  3721 | D:5      | Noticed a two-headed ogre
  3745 | D:5      | Mangled by a two-headed ogre

Illustrated notes

Levels and vault maps discovered:
D:1:      dpeg_arrival_radiant, layout_rooms, lemuel_old_faithful
D:2:      layout_rooms
D:3:      layout_basic, minmay_misc_feat_x
D:4:      layout_rooms, minmay_misc_feat_hallway, minmay_fire_ice_demons
D:5:      layout_loops_ring, nicolae_elyvilon_temple_path,
          kennysheep_windowed_goal

Skill      XL: |  1  2  3  4  5  6 |
---------------+-------------------+-----
Long Blades    | 3 4 5 6 |  6.1
Fighting       | 4 5 |  5.4
Dodging        | 1 2 3 |  3.2
Armour         | 4 5 |  5.3
Shields        | |  3.6

Action                   |  1- 3 |  4- 6 |  7- 9 || total
-------------------------+-------+-------+-------++-------
Melee: Long sword        |    49 |   145 |     6 ||   200
       Headbutt          |     8 |    24 |     1 ||    33
Armor: Scale mail        |    28 |    33 |       ||    61
       Chain mail        |       |     8 |       ||     8
       Plate armour      |       |    15 |     2 ||    17
Dodge: Dodged            |    39 |    63 |     2 ||   104
Block: Buckler           |    13 |    21 |     1 ||    35

Table legend: (Time is in decaauts)
 A = Elapsed time spent in this place.
 B = Non-inter-level travel time spent in this place.
 C = Inter-level travel time spent in this place.
 D = Time resting spent in this place.
 E = Time spent auto-exploring this place.
 F = Levels seen in this place.
 G = Mean time per level.
                   A        B        C        D        E       F      G
               +--------+--------+--------+--------+--------+-----+--------+
         Total |   3782 |   3648 |    134 |    463 |   2571 |   5 |  756.4 |
       Dungeon |   3782 |   3648 |    134 |    463 |   2571 |   5 |  756.4 |
               +--------+--------+--------+--------+--------+-----+--------+

Top non-repeatable levels by time:
     D:3: 869 daAuts
     D:4: 839 daAuts
     D:2: 773 daAuts
     D:1: 662 daAuts
     D:5: 637 daAuts
